 Dungeon Crawl Stone Soup version 0.31-a0-963-ga325b2283a (webtiles) character file.

Game seed: 878650256489250532

32 night the Changeling (level 3, 27/27 HPs)
             Began as a Merfolk Shapeshifter on Oct 25, 2023.
             Was a Follower of Sif Muna.
             Got out of the dungeon alive.
             The game lasted 00:02:14 (556 turns).

night the Changeling (Merfolk Shapeshifter)          Turns: 556, Time: 00:02:15

Health: 27/27      AC:  6    Str: 16    XL:     3   Next: 25%
Magic:  3/3        EV: 13    Int:  9    God:    Sif Muna [*.....]
Gold:   64         SH:  0    Dex: 13    Spells: 2/2 levels left

rFire   . .          .
                       - Unarmed
rCold   . . .        (no shield)
rNeg    . . .        a - +0 animal skin
rPois   .            h - melded +1 helmet
rElec   .            (cloak currently unavailable)
rCorr   .            (gloves currently unavailable)
SInv    .            e - melded +0 pair of boots
Will    .....        (no amulet)
Stlth   +            j - +4 ring of protection
HPRegen 0.24/turn    (no ring)
MPRegen 0.08/turn

%: no passive effects
@: beast-form
A: beast (slay +2), (nimble swimmer 2), mertail
a: Begin Untransformation, Renounce Religion, Channel Magic


You escaped.
You worshipped Sif Muna.
Sif Muna was aware of your devotion.
You were a hulking beast.
You visited 1 branch of the dungeon, and saw 1 of its levels.

You collected 64 gold pieces.

Inventory:

Missiles
 f - 8 stones
Armour
 a - a +0 animal skin (worn)
 e - a +0 pair of boots (melded)
 h - a +1 helmet (melded)
Jewellery
 j - a +4 ring of protection (left hand)
Talismans
 c - a beast talisman (active)
 d - a flux talisman
Scrolls
 g - a scroll of teleportation {unknown}
 i - a scroll of torment {unknown}
 k - a scroll of vulnerability {unknown}
Potions
 b - a potion of lignification


   Skills:
 + Level 1.9 Fighting
 + Level 3.3 Dodging
 + Level 3.7 Unarmed Combat
 + Level 4.3 Shapeshifting


You had 2 spell levels left.
You didn't know any spells.
Your spell library contained the following spells:

 Spells                   Type           Power      Damage    Failure   Level
 Scorch                   Fire           0%         2d5       52%         2
 Flame Wave               Conj/Fire      0%         2d4       99%         4
 Summon Cactus Giant      Summ           0%         N/A       100%        6


Dungeon Overview and Level Annotations

Branches:
Dungeon (1/15)

Altars:
Sif Muna


Innate Abilities, Weirdness & Mutations

You are a hulking beast.
Your limbs bulge with bestial killing power. (Slay +2)
((You are very nimble when in or above water. (Stealth+, EV+, Speed+++)))
Your lower body shifts to a powerful aquatic tail in water.


Message History

Your legs become a tail as you enter the water.
The rat bites you but does no damage.
The hobgoblin attacks as it pursues you!
The hobgoblin hits you but does no damage.
The rat attacks as it pursues you! The rat barely misses you.
You barely miss the hobgoblin.
The hobgoblin hits you but does no damage.
You hit the hobgoblin.
The hobgoblin is heavily wounded.
You barely miss the hobgoblin.
The hobgoblin is heavily wounded.
The hobgoblin barely misses you.
You closely miss the hobgoblin.
The hobgoblin is heavily wounded.
The hobgoblin hits you but does no damage.
You hit the hobgoblin.
You kill the hobgoblin!
You hit the rat.
The rat is severely wounded.
The rat bites you.
You punch the rat!
You kill the rat!
The hobgoblin closely misses you.
You see here a hobgoblin corpse.
You punch the hobgoblin!
You kill the hobgoblin!
No target in view!
You see here a hobgoblin corpse.
Your legs become a tail as you enter the water.
Found a hand axe.
There is a faded altar of an unknown god here.
This altar belongs to (a) Trog, (b) Sif Muna or (c) Jiyva, but you can't tell which.
Press the corresponding letter to learn more about a god, or press enter to convert or escape to cancel.
Sif Muna accepts your prayer! Sif Muna welcomes you!
You can now call upon Sif Muna for magical energy.
Your legs become a tail as you enter the water.
Found a sling.
There is a staircase leading out of the dungeon here.
You can't go down here!
You have escaped!

#.........)...................
#.....†.......................
#..###########................
#.###.......###...............
#.##.........##...............
#.#.....8.....#...............
#....8..8..8..................
###...........#...#..#........
##....h....##..##..##.......
##.......###.#....##÷##....
##########....##.##.###...
......####..#.###...
#........##.#÷##....
.......##..††..[.....
.......#.............
.........#......>..##
.########.........#


There were no monsters in sight!

Vanquished Creatures
  A dart slug (D:1)
  2 bats (D:1)
  2 endoplasms (D:1)
  2 goblins (D:1)
  5 hobgoblins (D:1)
  4 jackals (D:1)
  A quokka (D:1)
  5 ball pythons (D:1)
  4 rats (D:1)
26 creatures vanquished.

Notes
Turn   | Place    | Note
-------+----------+-------------------------------------------
     0 | D:1      | night the Merfolk Shapeshifter began the quest for the Orb.
     0 | D:1      | Reached XP level 1. HP: 15/15 MP: 1/1
   167 | D:1      | Reached XP level 2. HP: 21/21 MP: 2/2
   259 | D:1      | HP: 2/21 [frozen (5)]
   433 | D:1      | Reached XP level 3. HP: 24/27 MP: 3/3
   475 | D:1      | Found a faded altar of an unknown god.
   508 | D:1      | Prayed at the altar of an unknown god.
   508 | D:1      | Became a worshipper of Sif Muna the Loreminder
   508 | D:1      | Reached * piety under Sif Muna
   556 | D:$      | Got out of the dungeon alive.

Illustrated notes

Levels and vault maps discovered:
D:1:      dreamdust_arrival_beginning_and_end, layout_rooms,
          chequers_ecumenical_altar_island

Skill      XL: |  1  2 |
---------------+-------+-----
Dodging        | 3 |  3.3
Fighting       | |  1.9
Unarmed Combat | |  3.7
Shapeshifting  | |  4.3

Action                     || total
---------------------------++-------
  Melee: Unarmed           ||    68
Ability: Begin Untransform ||     2
 Armour: Animal skin       ||    38
  Dodge: Dodged            ||    52
   Form: Beast             ||     2

Table legend: (Time is in decaauts)
 A = Elapsed time spent in this place.
 B = Non-inter-level travel time spent in this place.
 C = Inter-level travel time spent in this place.
 D = Time resting spent in this place.
 E = Time spent auto-exploring this place.
 F = Levels seen in this place.
 G = Mean time per level.
                   A        B        C        D        E       F      G
               +--------+--------+--------+--------+--------+-----+--------+
         Total |    546 |    503 |     43 |     71 |    177 |   1 |  546.0 |
       Dungeon |    546 |    503 |     43 |     71 |    177 |   1 |  546.0 |
               +--------+--------+--------+--------+--------+-----+--------+

Top non-repeatable levels by time:
     D:1: 546 daAuts
